 Dungeon Crawl Stone Soup version 0.29.1-15-g9cfb28693d (webtiles) character file.

Game seed: 17463327468906966760

1548052 roguespy the Acrobat (level 25, 193/193 (207) HPs)
             Began as a Merfolk Monk on Mar 19, 2023.
             Was an Initiate of Gozag.
             Escaped with the Orb
             ... and 3 runes on Mar 22, 2023!
             The game lasted 06:17:13 (73942 turns).

roguespy the Acrobat (Merfolk Monk)                Turns: 73942, Time: 06:17:14

HP:   193/193 (207) AC: 29    Str: 13    XL:     25   Next: 51%
MP:   36/36         EV: 41    Int: 20    God:    Gozag
Gold: 306           SH: 21    Dex: 32    Spells: 12/42 levels left

rFire   + + +      SeeInvis .   q - +7 double sword (freeze)
rCold   + . .      Faith    .   d - +3 kite shield {AC+3}
rNeg    . . .      Spirit   .   M - +5 steam dragon scales
rPois   .          Reflect  .   f - +2 hood of the Assassin {Detection Stab+ Stlth++}
rElec   +          Harm     .   H - +2 cloak of Parlour Games {Regen+ Int+6 Dex-3 Stlth+}
rCorr   +          Rampage  .   x - +2 pair of gloves of Tarepeq {rElec rCorr Int+3 Dex+4}
Will    ++...                   N - +3 pair of boots of the Buccaneer {rF+ Stlth+}
Stlth   ++++......              U - amulet "Ruemuij" {Acrobat Fly Will+ Regen+}
HPRegen 2.02/turn               w - ring of Ryhav {rF++ rC+}
MPRegen 0.25/turn               I - +6 ring of dexterity

@: flying, drained, bribing [the Dungeon]
A: (nimble swimmer 2), mertail
0: Orb of Zot
}: 3/15 runes: serpentine, barnacled, silver
a: Renounce Religion, Potion Petition, Call Merchant, Bribe Branch


You escaped.
You worshipped Gozag.
Gozag was aware of your devotion.
You visited 11 branches of the dungeon, and saw 49 of its levels.
You visited 1 bazaar.

You collected 24747 gold pieces.
You spent 4101 gold pieces at shops.
You paid 20340 gold pieces to Gozag.

Inventory:

Hand Weapons
 a - a +4 demon blade of electrocution
 q - a +7 double sword of freezing (weapon)
 s - the +9 sling "Memaofiz" {freeze, rF++ Will+ SInv}
   (You found it on level 3 of the Lair of Beasts)

   Any ammunition fired from it freezes those it strikes, dealing additional
   cold damage.
   It can also slow down cold-blooded creatures.
   rF:        It greatly protects you from fire.
   SInv:      It lets you see invisible.
   Will:      It increases your willpower.
 B - the +2 great sword of Deollo {spect, rN++ Str+3 Stlth+}
   (You bought it in a shop on level 2 of the Orcish Mines)

   When its wielder attacks, the weapon's spirit leaps out and strikes again.
   The spirit shares a part of any damage it takes with its wielder.
   Str:       It affects your strength (+3).
   rN:        It greatly protects you from negative energy.
   Stlth:     It makes you more stealthy.
 D - the +7 spear "Udeloem" {antimagic, Int+2}
   (You took it off a spriggan on level 2 of the Lair of Beasts)

   It reduces the magical energy of the wielder, and disrupts the spells and
   magical abilities of those it strikes.
   Natural abilities and divine invocations are not affected.
   Int:       It affects your intelligence (+2).
Armour
 d - a +3 kite shield of protection (worn)
 e - the +1 robe of the Northern Lights {rPois Int+4}
   (You found it on level 2 of the Snake Pit)

   Int:       It affects your intelligence (+4).
   rPois:     It protects you from poison.
 f - the +2 hood of the Assassin (worn) {Detection Stab+ Stlth++}
   (You found it on level 2 of the Lair of Beasts)

   It allows the wearer to sense nearby creatures.
   It allows the wearer to make particularly effective stabbing attacks against
   helpless or unaware enemies with any weapon.
   Stlth:     It makes you much more stealthy.
 p - a +2 leather armour of positive energy
 x - the +2 pair of gloves of Tarepeq (worn) {rElec rCorr Int+3 Dex+4}
   (You found it on level 4 of the Dungeon)

   Int:       It affects your intelligence (+3).
   Dex:       It affects your dexterity (+4).
   rElec:     It insulates you from electricity.
   rCorr:     It protects you from acid and corrosion.
 H - the +2 cloak of Parlour Games (worn) {Regen+ Int+6 Dex-3 Stlth+}
   (You found it on level 4 of the Snake Pit)

   Int:       It affects your intelligence (+6).
   Dex:       It affects your dexterity (-3).
   Regen:     It increases your rate of health regeneration.
   Stlth:     It makes you more stealthy.
 M - +5 steam dragon scales (worn)
 N - the +3 pair of boots of the Buccaneer (worn) {rF+ Stlth+}
   (You found it on level 4 of the Vaults)

   rF:        It protects you from fire.
   Stlth:     It makes you more stealthy.
 S - a +2 robe of resistance
Magical Staves
 Z - a staff of cold
Jewellery
 l - a ring of positive energy
 r - the ring "Yzeefol" {rElec rC+ Str-2 SInv Stlth+}
   (You found it on level 2 of the Depths)

   [ring of protection from cold]

   Str:       It affects your strength (-2).
   rC:        It protects you from cold.
   rElec:     It insulates you from electricity.
   SInv:      It lets you see invisible.
   Stlth:     It makes you more stealthy.
 t - a ring of protection from cold
 u - a ring of protection from fire
 w - the ring of Ryhav (left hand) {rF++ rC+}
   (You took it off a yaktaur captain on level 5 of the Vaults)

   [ring of protection from cold]

   rF:        It greatly protects you from fire.
   rC:        It protects you from cold.
 y - a +6 ring of strength
 E - an amulet of reflection
 I - a +6 ring of dexterity (right hand)
 L - a ring of poison resistance
 R - the ring "Ehu Amui" {rElec Dex+2 SInv Stlth+}
   (You took it off a spriggan defender on level 3 of the Depths)

   [ring of see invisible]

   Dex:       It affects your dexterity (+2).
   rElec:     It insulates you from electricity.
   SInv:      It lets you see invisible.
   Stlth:     It makes you more stealthy.
 T - a ring of willpower
 U - the amulet "Ruemuij" (around neck) {Acrobat Fly Will+ Regen+}
   (You took it off a deep elf elementalist on level 3 of the Elven Halls)

   [amulet of the acrobat]

   It increases your evasion while moving and waiting.
   Fly:       It grants you flight.
   Regen:     It increases your rate of health regeneration.
   Will:      It increases your willpower.
 X - a ring of willpower
Wands
 C - a wand of digging (11)
 K - a wand of quicksilver (21)
 V - a wand of iceblast (45)
Scrolls
 b - 6 scrolls of fear
 o - 12 scrolls of teleportation
 z - 8 scrolls of poison
 A - 3 scrolls of butterflies
 F - 3 scrolls of magic mapping
 O - 2 scrolls of silence
 Y - a scroll of brand weapon
Potions
 c - 8 potions of ambrosia
 g - 4 potions of cancellation
 h - a potion of might
 i - 6 potions of brilliance
 j - 16 potions of mutation
 k - 3 potions of invisibility
 m - 6 potions of resistance
 G - a potion of haste
 J - 9 potions of curing
 Q - 14 potions of lignification


   Skills:
 - Level 19.0 Fighting
 - Level 21.2 Long Blades
 - Level 12.4 Polearms
 - Level 7.5 Throwing
 - Level 13.0 Armour
 + Level 24.0 Dodging
 - Level 13.9 Stealth
 + Level 18.5 Shields
 - Level 9.4 Spellcasting
 - Level 2.8 Translocations
 + Level 17.8 Ice Magic


You had 12 spell levels left.
You knew the following spells:

 Your Spells              Type           Power      Damage    Failure   Level
a - Frozen Ramparts       Ice            100%       1d16      1%          3
b - Ozocubu's Armour      Ice            69%        N/A       1%          3
c - Ensorcelled Hibernat  Hex/Ice        90%        N/A       1%          2
d - Summon Ice Beast      Ice/Summ       45%        N/A       2%          4
e - Blink                 Tloc           40%        N/A       4%          2
f - Hailstorm             Conj/Ice       45%        3d10      2%          4
g - Ozocubu's Refrigerat  Ice            34%        4d15      6%          7
h - Metabolic Englaciati  Hex/Ice        22%        N/A       8%          5

Your spell library contained the following spells:

 Spells                   Type           Power      Damage    Failure   Level
 Freeze                   Ice            100%       1d11      0%          1
 Ice Form                 Ice/Tmut       45%        N/A       2%          4
 Gell's Gravitas          Tloc           20%        N/A       10%         3
 Lesser Beckoning         Tloc           20%        N/A       10%         3
 Teleport Other           Tloc           20%        N/A       10%         3
 Beastly Appendage        Tmut           18%        N/A       11%         1
 Foxfire                  Conj/Fire      36%        2x1d5     11%         1
 Magic Dart               Conj           36%        1d4       11%         1
 Sandblast                Erth           18%        2d7       11%         1
 Shock                    Conj/Air       36%        1d5       11%         1
 Call Imp                 Summ           9%         N/A       16%         2
 Passwall                 Tmut/Erth      7%         N/A       16%         2
 Static Discharge         Conj/Air       9%         3-5/arc   16%         2
 Sublimation of Blood     Necr           9%         N/A       16%         2
 Wereblood                Tmut           9%         N/A       16%         2
 Freezing Cloud           Conj/Ice/Air   16%        6-21      26%         5
 Conjure Flame            Conj/Fire      9%         6-21      32%         3
 Ignite Poison            Fire/Tmut/Pois 9%         N/A       32%         3
 Inner Flame              Hex/Fire       9%         N/A       32%         3
 Mephitic Cloud           Conj/Pois/Air  9%         N/A       32%         3
 Spider Form              Tmut/Pois      9%         N/A       32%         3
 Stone Arrow              Conj/Erth      18%        3d8       32%         3
 Summon Guardian Golem    Hex/Summ       9%         N/A       32%         3
 Swiftness                Air            9%         N/A       32%         3
 Iskenderun's Mystic Bla  Conj/Tloc      15%        2d5       52%         4
 Manifold Assault         Tloc           20%        N/A       67%         5
 Airstrike                Air            4%         2d(1-17)  71%         4
 Anguish                  Hex/Necr       4%         N/A       71%         4
 Animate Armour           Summ/Erth      18%        N/A       71%         4
 Cause Fear               Hex            4%         N/A       71%         4
 Dispel Undead            Necr           9%         3d8       71%         4
 Fulminant Prism          Conj/Hex       4%         3d6       71%         4
 Olgreb's Toxic Radiance  Pois           9%         N/A       71%         4
 Petrify                  Tmut/Erth      9%         N/A       71%         4
 Sticky Flame             Conj/Fire      9%         2d3       71%         4
 Summon Lightning Spire   Summ/Air       9%         N/A       71%         4
 Alistair's Intoxication  Tmut/Pois      6%         N/A       96%         5
 Blade Hands              Tmut           4%         N/A       96%         5
 Borgnjor's Vile Clutch   Necr/Erth      4%         N/A       96%         5
 Irradiate                Conj/Tmut      4%         3d13      96%         5
 Iskenderun's Battlesphe  Conj           9%         2d6       96%         5
 Lee's Rapid Deconstruct  Erth           4%         3d6*      96%         5
 Summon Mana Viper        Hex/Summ       9%         N/A       96%         5
 Dispersal                Tloc           10%        N/A       99%         6
 Eringya's Noxious Bog    Tmut/Pois      4%         N/A       100%        6
 Iron Shot                Conj/Erth      4%         9d2       100%        6
 Statue Form              Tmut/Erth      6%         N/A       100%        6
 Dragon Form              Tmut           4%         N/A       100%        7
 Orb of Destruction       Conj           4%         9d5       100%        7
 Spellforged Servitor     Conj/Summ      4%         N/A       100%        7
 Storm Form               Tmut/Air       4%         N/A       100%        7
 Borgnjor's Revivificati  Necr           4%         N/A       100%        8
 Discord                  Hex            4%         N/A       100%        8
 Disjunction              Tloc           10%        N/A       100%        8
 Ignition                 Fire           4%         3d4       100%        8
 Lehudib's Crystal Spear  Conj/Erth      4%         10d3      100%        8
 Maxwell's Capacitive Co  Air            4%         ∞         100%        8
 Necromutation            Tmut/Necr      4%         N/A       100%        8
 Death's Door             Necr           4%         N/A       100%        9
 Dragon's Call            Summ           4%         N/A       100%        9
 Polar Vortex             Ice            34%        N/A       100%        9
 Simulacrum               Ice/Necr       Unusable   N/A       N/A         6

Dungeon Overview and Level Annotations

Branches:
Dungeon (15/15)            Temple (1/1) D:4            Lair (5/5) D:10
 Shoals (4/4) Lair:2        Snake (4/4) Lair:2        Slime (0/5) Lair:5
    Orc (2/2) D:11            Elf (3/3) Orc:2        Vaults (5/5) D:14
  Crypt (1/3) Vaults:3     Depths (4/4) D:15            Zot (5/5) Depths:4

Altars:
Ashenzari
Cheibriados
Dithmenos
Elyvilon
Fedhas
Gozag
Hepliaklqana
Kikubaaqudgha
Makhleb
Nemelex Xobeh
Okawaru
Qazlal
Ru
Sif Muna
Trog
Uskayaw
Vehumet
Wu Jian
Xom
Yredelemnul
Zin
The Shining One
Jiyva

Shops:
D:4 *   D:7 ((:[   D:9 (   Orc:1 (:(   Orc:2 [[*[(   Elf:2 =::   Elf:3 [[*
Lair:2 [?   Snake:2 *:=[   Snake:3 *   Vaults:1 ?   Vaults:3 :

Portals:
Hell: Depths:1 Depths:2 Depths:3 Depths:4
Abyss: Depths:1 Depths:2 Depths:3
Pandemonium: Depths:2 Depths:3
Ziggurat: Depths:1
Trove: D:14 (show abyssal rune of Zot)

Annotations:
Elf:1 Zenata
Elf:2 3 runed translucent doors
Vaults:2 Mennas
Vaults:3 exclusion: orange crystal statue
Vaults:4 exclusion: door, Margery
Depths:2 exclusion: downstairs
Depths:4 1 runed translucent door
Zot:2 Tiamat


Innate Abilities, Weirdness & Mutations

((You are very nimble when in or above water. (Stealth+, EV+, Speed+++)))
Your lower body shifts to a powerful aquatic tail in water.


Message History

There is a stone staircase leading down, spattered with blood here.
Things that are here:
a +0 halberd; a +0 ring mail; a +0 spear
Things that are here:
a +0 halberd; a +0 spear
There is a stone staircase leading up, spattered with blood here.
You fly upwards.
There is a stone staircase leading down here.
You see here a +0 whip.
There is a stone staircase leading up here.
You fly upwards.
There is a stone staircase leading down here.
A cacodemon and a sixfirhy come into view.
There is a stone staircase leading up here.
The cacodemon gestures at you. You resist with almost no effort.
You fly upwards.
There is a stone staircase leading down here.
Okay, then.
Unknown command.
Aiming: Dig
Press: ? - help, Shift-Dir - straight line A rock wall.
This square is covered in magical glow.
The rock shatters into small pieces.
There is a stone staircase leading up here.
You fly upwards.
There is a stone staircase leading down here.
Do you want to bribe the denizens of the Dungeon?
You no longer have enough gold to petition Gozag for potion effects.
You no longer have enough gold to fund merchants seeking to open stores in the dungeon.
You no longer have enough gold to bribe branches to halt enemies' attacks and recruit allies.
Gozag spreads your bribe to the Dungeon!
Aiming: Dig
Press: ? - help, Shift-Dir - straight line A rock wall.
This square is covered in magical glow.
The rock shatters into small pieces.
There is a staircase leading out of the dungeon here.
You have escaped!

#..# #. ##.# ### ##.
####### ########..###.###..
#.....###...##........##...
#....................##....
#.......#####...........###
#....####....###.....####..
#..###.........###'###.....
##.#......@......'.'......⌠
#..###.........###'###.....
#....###....####.....####..
####....#####...###.....###
##..........##....#.....
###....###############.
###### ##


There were no monsters in sight!

Vanquished Creatures
  The ghost of corvin the Brawler, a veteran TrBe of Trog (Vaults:3)
  Bai Suzhen (Vaults:4)
  A curse toe (Zot:4)
  2 caustic shrikes
  9 golden dragons
  Nikola (Elf:1)
  A bone dragon (Depths:4)
  Jorgrun (D:13)
  A walking crystal tome (Depths:3)
  10 tentacled monstrosities
  A walking frostbound tome (Depths:2)
  Mlioglotl (Snake:2)
  2 Orb Guardians
  5 titans
  3 liches
  The ghost of Sanktem7 the Warrior, an adept MiFi of Okawaru (Snake:4)
  2 deep elf master archers (Elf:3)
  2 deep elf blademasters (Elf:3)
  4 quicksilver dragons
  Gastronok (Lair:3)
  A kraken (Shoals:2)
  10 death cobs
  2 Executioners
  Kirke (D:14)
  12 shadow dragons
  6 sphinxes
  Frances (Elf:1)
  7 tengu reavers
  12 storm dragons
  A revenant (Crypt:1)
  9 draconian monks
  5 nagarajas (Snake:4)
  Ilsuiw (Shoals:3)
  15 frost giants
  3 draconian knights
  9 fire giants
  5 draconian scorchers
  2 ghost moths
  5 deep elf sorcerers
  A balrug (Depths:2)
  12 vault wardens
  8 draconian stormcallers
  3 orc warlords
  Louise (Depths:3)
  6 deep elf elementalists (Elf:3)
  A war gargoyle (Vaults:5)
  3 draconian shifters
  4 spriggan defenders
  A reaper (Depths:2)
  5 draconian annihilators
  11 ironbound preservers
  18 stone giants
  6 ironbound thunderhulks
  17 very ugly things
  9 deep elf demonologists
  7 green draconians
  6 black draconians
  An entropy weaver (Vaults:2)
  7 deep elf annihilators
  5 vampire knights
  12 dire elephants
  6 white draconians
  Nessos (D:13)
  7 red draconians
  6 yellow draconians
  A dire elephant (shapeshifter) (Vaults:5)
  The ghost of roninjake the Severer, a journeyman MiFi of the Shining One (Lair:2)
  11 purple draconians
  5 spark wasps
  An iron golem (Depths:1)
  4 deep elf death magi
  11 merfolk impalers
  11 ettins
  4 great orbs of eyes
  4 jiangshi
  8 merfolk javelineers
  5 deep elf high priests
  11 fire dragons
  11 yaktaur captains
  6 hydras
  23 vault guards
  A catoblepas (Lair:4)
  2 rakshasas
  7 spriggan air magi
  A peacekeeper (Vaults:4)
  6 ice dragons
  2 hell beasts (Depths:2)
  6 merfolk avatars
  8 boulder beetles
  6 two-headed ogres
  6 ironbound frosthearts
  10 anacondas
  2 merfolk aquamancers (Shoals:4)
  8 naga warriors
  5 centaur warriors
  3 alligator snapping turtles
  11 dancing weapons
  12 deep troll earth magi
  Urug (Lair:5)
  11 deep troll shamans
  3 tengu warriors
  3 death yaks (Lair:2)
  2 satyrs
  A death knight (D:13)
  13 naga sharpshooters
  2 orc high priests
  The ghost of croobank the Covert, a novice OpDe of Gozag (D:9)
  4 vampire magi
  2 hell hogs (Depths:2)
  7 spriggans
  The ghost of Mekil the Abyss-Baptised, a journeyman FeAK of Lugonu (Lair:4)
  10 deep elf knights
  4 shock serpents
  A soul eater (Depths:2)
  4 sun demons (Depths:2)
  3 salamander mystics
  7 skeletal warriors
  5 spriggan berserkers
  6 hell knights
  15 iron trolls
  3 glowing orange brains
  5 naga ritualists
  4 flayed ghosts
  A spriggan simulacrum (Depths:1)
  An orb spider (shapeshifter) (Depths:2)
  8 deep elf archers
  13 sea snakes
  41 deep trolls
  3 lindwurms
  A shadow demon (D:15)
  4 phantasmal warriors
  9 wizards
  10 mana vipers
  4 orc knights (Vaults:3)
  10 harpies
  7 necromancers
  12 ironbound convokers
  Pikel (D:7)
  An oklob plant (Lair:3)
  A wolf spider (Lair:5)
  A wolf spider (shapeshifter) (Depths:3)
  26 deep elf zephyrmancers
  9 orc sorcerers
  13 cyclopes
  13 salamanders
  28 manticores
  27 ugly things
  14 deep elf pyromancers
  A moth of wrath (shapeshifter) (Vaults:5)
  12 fauns
  6 elephants (Lair:1)
  13 moths of wrath
  16 merfolk sirens
  8 guardian serpents
  8 water nymphs
  13 vault sentinels
  15 naga magi
  A rust devil (Depths:2)
  A torpor snail (shapeshifter) (Depths:4)
  37 black mambas
  3 smoke demons (Depths:2)
  3 gargoyles
  3 centaur skeletons (D:15)
  2 unseen horrors (D:12)
  8 cane toads
  2 hellions
  A spriggan zombie (Depths:1)
  2 rime drakes
  An efreet (D:13)
  25 yaktaurs
  A kobold demonologist (D:8)
  3 freezing wraiths
  6 komodo dragons
  A hellwing (Depths:2)
  6 trolls
  8 tengu conjurers
  8 wind drakes
  22 merfolk
  A queen bee (shapeshifter) (Vaults:5)
  A polar bear (Lair:4)
  8 hornets
  12 blink frogs (Lair:5)
  19 dream sheep
  29 slime creatures
  Sigmund (D:3)
  2 centaur simulacra (D:15)
  10 snapping turtles
  A fire giant simulacrum (Depths:1)
  2 shadows (D:12)
  16 water elementals
  2 flying skulls (Crypt:1)
  48 yaks
  4 air elementals
  2 hogs (D:14)
  A human (D:14)
  13 wyverns
  2 steam dragons
  5 wraiths
  A fire elemental (Elf:3)
  7 redbacks
  3 vampire mosquitoes (D:12)
  4 basilisks
  32 nagas
  3 wargs
  22 water moccasins
  2 floating eyes
  5 acid dragons
  28 orc warriors
  6 black bears
  6 ogres
  6 wolves
  A boggart (Lair:2)
  4 centaurs
  2 phantoms (D:6)
  A kobold brigand (D:7)
  15 bullfrogs
  2 gnoll sergeants
  2 scorpions (D:5)
  An earth elemental (Elf:2)
  12 wights
  A hornet simulacrum (D:15)
  22 killer bees
  9 electric eels
  2 howler monkeys
  2 jellies
  25 orc priests
  7 hounds
  Terence (D:2)
  3 iguanas
  40 orc wizards
  13 gnolls
  10 adders
  2 white imps (D:7)
  2 worms
  2 dart slugs
  71 orcs
  6 ball pythons
  4 bats
  8 endoplasms
  3 giant cockroaches
  10 hobgoblins
  5 quokkas
  5 frilled lizards
  6 goblins
  15 kobolds
  11 rats
  A creeping inferno (Zot:3)
1776 creatures vanquished.

Vanquished Creatures (collateral kills)
  An orb of fire (Zot:5)
  A tengu reaver (Vaults:5)
  An ettin (Vaults:4)
  5 vault guards
  A shadow wraith (Vaults:5)
  An orc knight (Vaults:5)
  An ironbound convoker (Vaults:4)
  A phantasmal warrior (Vaults:4)
  A vault sentinel (Vaults:5)
  An orc priest (D:6)
  An orc wizard (D:6)
  An orc (D:6)
16 creatures vanquished.

Vanquished Creatures (others)
  2 dread liches (Zot:5)
  2 ancient liches (Zot:5)
  2 Killer Klowns (Zot:5)
  An electric golem (Zot:5)
  3 tentacled monstrosities
  3 Orb Guardians (Zot:5)
  A sphinx (Vaults:5)
  A shadow dragon (Vaults:5)
  A storm dragon (Zot:5)
  2 tengu reavers (Vaults:5)
  2 draconian knights
  A fire giant (Vaults:5)
  2 vault wardens (Vaults:5)
  A frost giant (Vaults:5)
  2 deep elf sorcerers (Vaults:5)
  A war gargoyle (Vaults:5)
  3 stone giants (Vaults:5)
  An ironbound preserver (Vaults:5)
  An ironbound thunderhulk (Vaults:5)
  A very ugly thing (Vaults:5)
  A vampire knight (Depths:2)
  A yellow draconian (Zot:5)
  2 deep elf high priests (Vaults:5)
  7 vault guards (Vaults:5)
  A peacekeeper (Vaults:3)
  A shock serpent (Snake:2)
  An ironbound convoker (Vaults:5)
  A deep elf pyromancer (D:12)
  A moth of wrath (Zot:5)
  3 vault sentinels (Vaults:5)
  An unseen horror (D:12)
  A tengu conjurer (Depths:4)
  A naga (Snake:4)
  A boggart (shapeshifter) (Depths:3)
  A howler monkey (D:12)
  A quokka (D:9)
  53 fungi
  125 plants
  9 tentacles (Shoals:3)
245 creatures vanquished.

Grand Total: 2037 creatures vanquished

Notes
Turn   | Place    | Note
-------+----------+-------------------------------------------
     0 | D:1      | roguespy the Merfolk Monk began the quest for the Orb.
     0 | D:1      | Reached XP level 1. HP: 18/18 MP: 1/1
    77 | D:1      | Reached XP level 2. HP: 23/24 MP: 2/2
   233 | D:1      | Found a faded altar of an unknown god.
  1059 | D:2      | Reached XP level 3. HP: 29/29 MP: 3/3
  1174 | D:2      | Noticed Terence
  1202 | D:2      | Killed Terence
  1203 | D:2      | Reached XP level 4. HP: 29/37 MP: 4/4
  2229 | D:3      | Reached skill level 5 in Dodging
  2341 | D:3      | Reached skill level 5 in Polearms
  2544 | D:3      | Reached skill level 1 in Armour
  2637 | D:3      | Reached XP level 5. HP: 42/42 MP: 5/5
  2898 | D:3      | Noticed Sigmund
  3142 | D:4      | Found a burning altar of Makhleb.
  3142 | D:4      | Found a blossoming altar of Fedhas.
  3143 | D:4      | Found an opulent altar of Gozag.
  3197 | D:4      | Found a shimmering blue altar of Sif Muna.
  3356 | D:4      | Noticed a black bear
  3375 | D:4      | Killed a black bear
  3376 | D:4      | Reached XP level 6. HP: 27/49 MP: 3/6
  3603 | D:4      | Identified the +2 pair of gloves of Tarepeq {rElec rCorr
                  | Int+3 Dex+4}
  3630 | D:4      | Found Tikhoq's Elemental Accessories.
  3769 | D:4      | Noticed a black bear
  3798 | D:4      | Killed a black bear
  3799 | D:4      | Reached skill level 5 in Fighting
  3799 | D:4      | Reached skill level 6 in Dodging
  3850 | D:4      | Reached XP level 7. HP: 56/56 MP: 7/7
  3968 | D:4      | Found a staircase to the Ecumenical Temple.
  3978 | Temple   | Entered the Ecumenical Temple
  4198 | D:4      | Became a worshipper of Gozag Ym Sagoz the Greedy
  4491 | D:5      | Entered Level 5 of the Dungeon
  5387 | D:5      | Reached skill level 7 in Dodging
  5387 | D:5      | Reached skill level 1 in Shields
  5387 | D:5      | Reached XP level 8. HP: 58/64 MP: 8/8
  6353 | D:6      | Reached skill level 1 in Throwing
  6430 | D:6      | Reached skill level 8 in Dodging
  6430 | D:6      | Reached XP level 9. HP: 71/71 MP: 9/9
  6760 | D:6      | Found a broken altar of Ashenzari.
  6953 | D:7      | Found Yloloih's Armour Emporium.
  6991 | D:7      | Noticed Pikel
  7043 | D:7      | Found Qiasaiz's Antique Weapon Boutique.
  7125 | D:7      | Killed Pikel
  7247 | D:7      | Bought +0 steam dragon scales for 520 gold pieces
  7376 | D:7      | Found Ameheqyt's Book Emporium.
  7467 | D:7      | Found Plog's Weapon Emporium.
  8260 | D:8      | Reached skill level 9 in Dodging
  8349 | D:8      | Noticed a two-headed ogre
  8753 | D:8      | Reached XP level 10. HP: 79/79 MP: 10/10
  9231 | D:9      | Found a white marble altar of Elyvilon.
  9274 | D:9      | Found Cabuwur's Weapon Shoppe.
  9319 | D:9      | Noticed a cyclops
  9445 | D:9      | Found a bloodstained altar of Trog.
  9472 | D:9      | Noticed a tengu warrior
  9608 | D:9      | Noticed a kobold demonologist
  9611 | D:9      | Noticed a sun demon
  9717 | D:9      | Noticed a tengu warrior
  9731 | D:8      | Noticed a rust devil
  9732 | D:8      | Killed a kobold demonologist
  9882 | D:9      | Reached skill level 5 in Shields
 10625 | D:9      | Killed a cyclops
 10950 | D:10     | Entered Level 10 of the Dungeon
 11344 | D:10     | Reached skill level 10 in Dodging
 11460 | D:10     | Reached skill level 5 in Armour
 11576 | D:10     | Reached skill level 10 in Polearms
 11804 | D:10     | Reached XP level 11. HP: 87/87 MP: 11/11
 11848 | D:10     | Reached skill level 5 in Throwing
 11872 | D:10     | Found a staircase to the Lair.
 12224 | D:11     | Noticed a two-headed ogre
 12269 | D:9      | Found a runed translucent gate.
 12269 | D:9      | Found a runed translucent gate.
 12269 | D:9      | Found a runed translucent gate.
 12271 | D:9      | Found an opulent altar of Gozag.
 12273 | D:9      | Noticed a manticore
 12274 | D:9      | Noticed a white ugly thing
 12274 | D:9      | Noticed croobank's ghost (novice OpDe)
 12391 | Lair:1   | Entered Level 1 of the Lair of Beasts
 12887 | Lair:1   | Reached skill level 11 in Dodging
 14000 | Lair:1   | Reached XP level 12. HP: 88/97 MP: 12/12
 14049 | Lair:2   | Found a glowing silver altar of Zin.
 14075 | Lair:2   | Found a staircase to the Snake Pit.
 14163 | Lair:2   | Found the +2 hood of the Assassin {Detection Stab+ Stlth++}
 14230 | Lair:2   | Found a staircase to the Shoals.
 14357 | Lair:2   | Found a runed translucent door.
 14361 | Lair:2   | Noticed roninjake's ghost (journeyman MiFi)
 14381 | Lair:2   | Identified the +7 spear "Udeloem" {antimagic, Int+2}
 14544 | Lair:2   | Reached skill level 10 in Fighting
 15413 | Lair:3   | Noticed a death yak
 15421 | Lair:3   | Noticed a death yak
 15423 | Lair:3   | Noticed a death yak
 15501 | Lair:3   | Identified the +9 sling "Memaofiz" {freeze, rF++ Will+
                  | SInv}
 15603 | Lair:3   | Noticed Gastronok
 15727 | Lair:3   | Reached skill level 12 in Dodging
 15799 | Lair:3   | Noticed a six-headed hydra
 16029 | Lair:4   | Found a transporter.
 16029 | Lair:4   | Noticed Mekil's ghost (journeyman FeAK)
 16034 | Lair:4   | Noticed a boulder beetle
 16340 | Lair:4   | Noticed a catoblepas
 16429 | Lair:3   | Killed a six-headed hydra
 16691 | Lair:5   | Entered Level 5 of the Lair of Beasts
 16953 | Lair:4   | Killed a catoblepas
 17177 | Lair:4   | Reached skill level 5 in Stealth
 17188 | Lair:4   | Reached XP level 13. HP: 90/104 MP: 13/13
 17310 | Lair:4   | Found a transporter.
 17763 | Lair:5   | Reached skill level 1 in Long Blades
 18457 | Lair:5   | Reached skill level 5 in Long Blades
 18660 | Lair:5   | Paralysed by a hornet for 1 turns
 19410 | Lair:5   | Found a staircase to the Slime Pits.
 19411 | Lair:5   | Found a viscous altar of Jiyva.
 19749 | Lair:5   | Noticed Urug
 19757 | Lair:5   | Killed Urug
 20116 | Lair:4   | Found a transporter.
 20121 | Lair:4   | Found a transporter.
 21748 | D:11     | Reached skill level 13 in Dodging
 21748 | D:11     | Reached XP level 14. HP: 112/113 MP: 14/14
 21787 | D:11     | Found a staircase to the Orcish Mines.
 22361 | D:11     | You fall into a shaft and drop 1 floor!
 22370 | D:12     | Identified the +6 war axe of Oreuc {vamp, *Corrode Fly
                  | Int+2 Stlth+}
 22770 | D:12     | Reached skill level 1 in Ice Magic
 22798 | D:12     | Reached skill level 10 in Stealth
 22923 | D:12     | Found a radiant altar of Vehumet.
 24926 | Orc:1    | Entered Level 1 of the Orcish Mines
 25136 | Orc:2    | Entered Level 2 of the Orcish Mines
 25144 | Orc:2    | Noticed an orc warlord
 25246 | Orc:1    | Found Detuboso's Antique Weapon Shoppe.
 25437 | Orc:1    | Found Tefit's Book Emporium.
 25567 | Orc:1    | Found Feyfat's Antique Weapon Emporium.
 26037 | Orc:2    | Reached skill level 14 in Dodging
 26173 | Orc:2    | Killed an orc warlord
 26383 | Orc:2    | Reached XP level 15. HP: 116/120 MP: 15/15
 26631 | Orc:2    | Found a staircase to the Elven Halls.
 26675 | Orc:2    | Found Moitomom's Armour Shoppe.
 26675 | Orc:2    | Found Jisuatem's Antique Armour Shoppe.
 26675 | Orc:2    | Found Minac's General Store.
 26678 | Orc:2    | Found Cute's Armour Emporium.
 26973 | Orc:2    | Bought a pair of glowing boots for 165 gold pieces
 27168 | D:13     | Noticed Nessos
 27173 | D:13     | Killed Nessos
 27272 | D:13     | Reached skill level 10 in Shields
 27441 | D:13     | Noticed Jorgrun
 27446 | D:13     | Killed Jorgrun
 27661 | D:14     | Reached skill level 10 in Long Blades
 27683 | D:14     | Found a gate to the Vaults.
 27729 | D:14     | Reached skill level 5 in Ice Magic
 28505 | D:14     | Found a hazy altar of Hepliaklqana.
 28722 | D:14     | Found a portal to a secret trove of treasure.
 28740 | D:14     | Noticed Kirke
 28780 | D:14     | Killed Kirke
 28899 | D:15     | Entered Level 15 of the Dungeon
 29621 | D:15     | Found a staircase to the Depths.
 29836 | Snake:1  | Entered Level 1 of the Snake Pit
 30381 | Snake:1  | Reached skill level 15 in Dodging
 30840 | Snake:1  | Reached XP level 16. HP: 129/129 MP: 16/16
 31469 | Snake:2  | Found Koxomn's Jewellery Emporium.
 31471 | Snake:2  | Found Qexitt's Book Shoppe.
 31474 | Snake:2  | Found Heechukk's Assorted Antiques.
 31481 | Snake:2  | Bought a scroll of teleportation for 108 gold pieces
 31481 | Snake:2  | Bought a glowing scarf for 288 gold pieces
 31854 | Snake:2  | Learned a level 3 spell: Frozen Ramparts
 31858 | Snake:2  | Learned a level 3 spell: Ozocubu's Armour
 31885 | Snake:2  | Identified the +1 robe of the Northern Lights {rPois Int+4}
 31936 | Snake:2  | Noticed Mlioglotl
 32288 | Snake:2  | Bought a +2 kite shield of protection for 279 gold pieces
 32368 | Snake:2  | Killed Mlioglotl
 32660 | Snake:2  | Reached skill level 1 in Spellcasting
 34295 | Snake:3  | Found Naereate's CLEARANCE SALE!.
 34317 | Snake:3  | Bought a scroll of enchant weapon for 22 gold pieces
 34782 | Snake:4  | Entered Level 4 of the Snake Pit
 35368 | Snake:4  | Reached XP level 17. HP: 130/137 MP: 21/21
 35458 | Snake:4  | Found a transporter.
 35461 | Snake:4  | Noticed Sanktem7's ghost (adept MiFi)
 35755 | Snake:4  | Reached skill level 16 in Dodging
 36015 | Snake:4  | Noticed a quicksilver dragon
 36020 | Snake:4  | Killed a quicksilver dragon
 36114 | Snake:4  | Got a serpentine rune of Zot
 36513 | Snake:4  | Noticed a quicksilver dragon
 36553 | Snake:4  | Killed a quicksilver dragon
 36884 | Snake:4  | Found a transporter.
 37075 | Snake:4  | Killed Sanktem7's ghost
 37274 | Snake:4  | Identified the +2 cloak of Parlour Games {Regen+ Int+6
                  | Dex-3 Stlth+}
 37493 | Lair:2   | Killed roninjake's ghost
 37627 | Lair:2   | Bought a scroll of identify for 36 gold pieces
 37627 | Lair:2   | Bought a scroll of identify for 36 gold pieces
 37695 | Shoals:1 | Entered Level 1 of the Shoals
 38714 | Shoals:2 | Found a runed translucent door.
 38916 | Shoals:2 | Noticed a kraken
 38925 | Shoals:2 | Killed a kraken
 39222 | Shoals:2 | Reached XP level 18. HP: 125/146 MP: 25/25
 39255 | Shoals:2 | Identified the +1 plate armour of Creativity {-Tele Str+7}
 39836 | Shoals:3 | Noticed Ilsuiw
 39965 | Shoals:3 | Reached skill level 5 in Spellcasting
 40068 | Shoals:3 | Killed Ilsuiw
 40376 | Shoals:3 | Reached skill level 17 in Dodging
 40491 | Shoals:4 | Entered Level 4 of the Shoals
 40923 | Shoals:4 | Identified the +0 robe of Goju {Harm rElec Int-2 Dex+5}
 41308 | Shoals:4 | Got a barnacled rune of Zot
 41427 | Shoals:4 | Reached skill level 10 in Ice Magic
 42125 | Lair:3   | Killed Gastronok
 42402 | Lair:4   | Killed Mekil's ghost
 42580 | D:9      | Killed croobank's ghost
 42838 | D:3      | Killed Sigmund
 43519 | Vaults:1 | Entered Level 1 of the Vaults
 43574 | Vaults:1 | Reached skill level 15 in Long Blades
 43984 | Vaults:1 | Found Ceanebeu's Magic Scroll Emporium.
 43988 | Vaults:1 | Bought a scroll of fear for 52 gold pieces
 44167 | Vaults:1 | Reached XP level 19. HP: 127/154 MP: 28/28
 44293 | Vaults:1 | Reached skill level 15 in Fighting
 44830 | Vaults:2 | You fall into a shaft and drop 2 floors!
 44853 | Vaults:4 | Identified the +3 pair of boots of the Buccaneer {rF+
                  | Stlth+}
 45101 | Vaults:4 | Noticed Bai Suzhen
 45102 | Vaults:4 | Killed Bai Suzhen
 45461 | Vaults:4 | Noticed Margery
 45571 | Vaults:3 | Reached skill level 18 in Dodging
 45575 | Vaults:3 | Reached skill level 10 in Armour
 45613 | Vaults:3 | Found a runed translucent gate.
 45613 | Vaults:3 | Found a runed translucent gate.
 45614 | Vaults:3 | Found a runed translucent gate.
 45615 | Vaults:3 | Noticed corvin's ghost (veteran TrBe)
 45675 | Vaults:3 | Found a staircase to the Crypt.
 46312 | Vaults:3 | Found Micyoddi's Book Shoppe.
 47855 | Vaults:2 | Reached XP level 20. HP: 139/164 MP: 31/31
 48404 | Vaults:2 | Noticed Mennas
 48555 | Depths:1 | Entered Level 1 of the Depths
 48555 | Depths:1 | Found a one-way gate to the infinite horrors of the Abyss.
 48606 | Depths:1 | Learned a level 2 spell: Ensorcelled Hibernation
 48611 | Depths:1 | Learned a level 4 spell: Summon Ice Beast
 48613 | Depths:1 | Found a gateway to Hell.
 48825 | Depths:1 | Found a glowing golden altar of the Shining One.
 49027 | Depths:1 | Found a one-way gateway to a ziggurat.
 49051 | Depths:1 | Found a snail-covered altar of Cheibriados.
 49818 | Elf:1    | Entered Level 1 of the Elven Halls
 50296 | Elf:1    | Noticed Frances
 50306 | Elf:1    | You fall into a shaft and drop 1 floor!
 50320 | Elf:2    | Reached skill level 19 in Dodging
 50594 | Elf:2    | Found Vyjir's Jewellery Boutique.
 50594 | Elf:2    | Found Ymous's Book Shoppe.
 50596 | Elf:2    | Found Noucotiw's Book Shoppe.
 50609 | Elf:2    | Bought a book of Spatial Translocations for 416 gold pieces
 50612 | Elf:2    | Learned a level 2 spell: Blink
 50617 | Elf:2    | Learned a level 4 spell: Hailstorm
 50762 | Elf:2    | Found a runed translucent gate.
 50762 | Elf:2    | Found a runed translucent gate.
 50763 | Elf:2    | Found a runed translucent gate.
 51060 | Elf:2    | Reached skill level 1 in Translocations
 51721 | Elf:1    | Killed Frances
 51780 | Elf:1    | Got Momushre's Disquisition on Damage Dealing
 51808 | Elf:1    | Noticed Zenata
 51809 | Elf:1    | Reached XP level 21. HP: 172/172 MP: 33/33
 51960 | Elf:3    | Entered Level 3 of the Elven Halls
 52115 | Elf:3    | Found Weantem's Armour Shoppe.
 52158 | Elf:3    | Found Riggapio's Antique Armour Emporium.
 52189 | Elf:3    | Bought a pair of brightly glowing boots for 256 gold pieces
 52189 | Elf:3    | Identified the +2 pair of boots of the Little Devil {rPois
                  | rC- Str+4 Slay+3} (You bought it in a shop on level 3 of
                  | the Elven Halls)
 52240 | Elf:3    | Found Kiocin's Assorted Antiques.
 52325 | Elf:3    | Found a flickering gateway to a bazaar.
 52338 | Bazaar   | Entered a bazaar
 52365 | Bazaar   | Found Canah's Magic Scroll Shoppe.
 52381 | Bazaar   | Found Iploqewe's Jewellery Emporium.
 52432 | Bazaar   | Bought 3 scrolls of fear for 180 gold pieces
 52432 | Bazaar   | Bought a scroll of fear for 60 gold pieces
 52432 | Bazaar   | Bought a scroll of teleportation for 45 gold pieces
 52432 | Bazaar   | Bought a scroll of magic mapping for 112 gold pieces
 53281 | Elf:3    | Identified the +4 trident "Zam Myol" {vorpal, rPois rF+
                  | Will+}
 53584 | Elf:3    | Identified the amulet "Ruemuij" {Acrobat Fly Will+ Regen+}
 54130 | Elf:3    | Identified the +4 hand axe of Harmony {elec, Dex+6}
 54272 | Elf:3    | Got the Folio of Mustering
 54285 | Elf:3    | Got the Anthology of Hiemal Concussion
 54668 | Elf:3    | Bought a glowing kite shield for 285 gold pieces
 54889 | Elf:1    | Noticed Nikola
 54896 | Elf:1    | Killed Nikola
 55518 | Depths:2 | Found a one-way gate leading to the halls of Pandemonium.
 55734 | Depths:2 | Found a hide-covered altar of Uskayaw.
 56930 | Depths:2 | Reached skill level 15 in Shields
 57104 | Depths:2 | Reached XP level 22. HP: 181/181 MP: 35/35
 57171 | Depths:2 | Reached skill level 20 in Dodging
 57181 | Depths:2 | Found the +8 arc blade {discharge, rElec}
 57434 | Depths:2 | Identified the ring "Yzeefol" {rElec rC+ Str-2 SInv Stlth+}
 57596 | Depths:2 | Noticed a golden dragon
 57621 | Depths:2 | Killed a golden dragon
 58182 | Depths:3 | Noticed a golden dragon
 58182 | Depths:3 | Noticed a caustic shrike
 58182 | Depths:3 | Noticed a golden dragon
 58194 | Depths:3 | Killed a golden dragon
 58234 | Depths:2 | Killed a golden dragon
 58265 | Depths:2 | Killed a caustic shrike
 58380 | Depths:3 | Identified the ring "Ehu Amui" {rElec Dex+2 SInv Stlth+}
 58444 | Depths:3 | Noticed a caustic shrike
 58468 | Depths:3 | Killed a caustic shrike
 58777 | Depths:3 | Identified the +7 plate armour "Oroff" {rF++ Str+2 Dex-2}
 58945 | Depths:3 | Reached XP level 23. HP: 190/190 MP: 36/36
 59237 | Depths:3 | Found an opulent altar of Gozag.
 59296 | Depths:3 | Reached skill level 21 in Dodging
 59331 | Depths:3 | Noticed Louise
 59339 | Depths:3 | Killed Louise
 59644 | Depths:3 | Identified the +3 shortbow "Xealosmo" {freeze, rElec rN+
                  | Int-5 SInv}
 60094 | Depths:4 | Entered Level 4 of the Depths
 60094 | Depths:4 | Noticed a juggernaut
 60770 | Depths:4 | Found a gate to the Realm of Zot.
 60921 | Depths:4 | Noticed a golden dragon
 60936 | Depths:4 | Killed a golden dragon
 61042 | Depths:4 | Learned a level 7 spell: Ozocubu's Refrigeration
 61048 | Depths:4 | Learned a level 5 spell: Metabolic Englaciation
 61498 | Depths:4 | Reached skill level 15 in Ice Magic
 61905 | Depths:4 | Found a runed translucent door.
 61908 | Depths:4 | Found a radiant altar of Vehumet.
 61908 | Depths:4 | Noticed an ancient lich
 62374 | Vaults:1 | Bought a scroll of magic mapping for 97 gold pieces
 62374 | Vaults:1 | Bought a scroll of teleportation for 39 gold pieces
 62532 | Crypt:1  | Entered Level 1 of the Crypt
 62663 | Vaults:3 | Identified the +8 flail of the Sixty-Six Wars {vorpal,
                  | *Corrode rPois MP+9}
 63225 | Vaults:5 | Entered Level 5 of the Vaults
 63342 | Vaults:4 | Reached XP level 24. HP: 199/199 MP: 36/36
 63592 | Vaults:5 | Identified the +6 great sword "Qevewkem" {venom, Str+5
                  | Int-2 Dex+4}
 63630 | Vaults:5 | Reached skill level 22 in Dodging
 63675 | Vaults:5 | Identified the ring of Ryhav {rF++ rC+}
 63929 | Vaults:5 | Identified the +2 pair of gloves of Calculation {Str+4
                  | Dex+7}
 64169 | Vaults:5 | Got a silver rune of Zot
 65214 | Orc:2    | Bought the +2 great sword of Deollo {spect, rN++ Str+3
                  | Stlth+} for 897 gold pieces
 65372 | Snake:2  | Bought a +2 leather armour of positive energy for 208 gold
                  | pieces
 65700 | Vaults:3 | Killed corvin's ghost
 66200 | Zot:1    | Entered Level 1 of the Realm of Zot
 67311 | Zot:1    | Identified the +0 plate armour "Widumuh" {Rampage *Corrode
                  | Stlth+}
 67577 | Zot:2    | Found the +4 dragonskin cloak
 67577 | Zot:2    | Noticed Tiamat
 69035 | Zot:4    | Reached skill level 23 in Dodging
 69224 | Zot:4    | Reached XP level 25. HP: 207/207 MP: 36/36
 72987 | Zot:5    | Entered Level 5 of the Realm of Zot
 73195 | Zot:5    | Noticed a dread lich
 73195 | Zot:5    | Noticed a dread lich
 73195 | Zot:5    | Noticed an orb of fire
 73195 | Zot:5    | Noticed an ancient lich
 73204 | Zot:5    | Noticed a Killer Klown
 73209 | Zot:5    | Noticed a dread lich
 73210 | Zot:5    | Noticed an ancient lich
 73210 | Zot:5    | Noticed a dread lich
 73212 | Zot:5    | Noticed a dread lich
 73222 | Zot:5    | Got the Orb of Zot
 73226 | Zot:5    | Killed a Killer Klown
 73228 | Zot:5    | Killed an orb of fire
 73238 | Zot:5    | Killed a dread lich
 73238 | Zot:5    | Noticed an orb of fire
 73276 | Zot:5    | Killed a dread lich
 73395 | Depths:3 | Noticed Xaagior the pandemonium lord
 73549 | D:15     | Reached skill level 24 in Dodging
 73670 | D:11     | Noticed Fuwnynkaody the pandemonium lord
 73942 | D:$      | Escaped with the Orb!

Illustrated notes

Levels and vault maps discovered:
D:1:      elethiomel_arrival_infinity_welcomes_careful_drivers,
          layout_loops_ring, hellmonk_ecumenical_altar_run_dry,
          dk_noncrumbling_3, feat_on_display
D:2:      layout_loops_cross, amcnicky_mini_pool_small, uniq_terence
D:3:      layout_basic, serial_glass, glass_columns_b, glass_columns_c,
          uniq_sigmund
D:4:      layout_cave_pools, nicolae_overflow_quartered_altars,
          minmay_temple_entry_tees, portal_sewer_entry_b,
          nicolae_elemental_shop, kennysheep_generic_room_2
D:5:      nicolae_cairo_tiling_large_dashed, layout_rooms,
          nicolae_ossuary_entry_monument
D:6:      layout_cave_pools, ashenzari_altar_1
D:7:      layout_loops_ring, serial_shops, shop,
          nicolae_shop_bloodbath_and_beyond, shop,
          nicolae_shop_temple_entry_statues_fountains, uniq_pikel
D:8:      layout_basic, kennysheep_potato
D:9:      layout_basic, mainiacjoe_overflow_boulevard, elyvilon_altar_4,
          serial_shops, shop, ebering_ghost_gozag,
          chequers_serial_rivers_micro_c
D:10:     layout_rooms, erik_lair_island
D:11:     layout_irregular_city, erik_orc_3
D:12:     minmay_box_of_statues, layout_stronghold, fiery_altar_vehumet
D:13:     layout_irregular_city, uniq_jorgrun, uniq_nessos
D:14:     layout_roguey, lightli_vaults_fourway_checkpoint,
          nicolae_trove_entry_crossroad, corexii_corridor_pit,
          chequers_serial_rivers_micro_e, nzn_hepliaklqana_mist_gate,
          uniq_agnes, uniq_kirke
D:15:     grunt_enter_depths_magical_seal, layout_cave_pools,
          minmay_tree_intersection
Temple:   bh_familiar_temple
Lair:1:   layout_roguey, grunt_megastairs_1
Lair:2:   layout_regular_city, shoals_dummy_entry, guppyfry_snake_entry_island,
          basic_altar, ebering_ghost_funeral_grove
Lair:3:   layout_chaotic_city, minmay_lindwurm_lava, uniq_gastronok
Lair:4:   layout_regular_city, gammafunk_ghost_arena, serial_bayou_ford_a,
          minmay_stone_trees_medium, serial_bayou_shore_b
Lair:5:   hangedman_lair_tendril_chambers, layout_regular_city,
          nicolae_slime_entry_slimehenge, grunt_forest_small_clearings,
          uniq_urug
Shoals:1: layout_shoals
Shoals:2: layout_shoals, lightli_airlock
Shoals:3: layout_shoals, uniq_ilsuiw
Shoals:4: shoals_end_hangedman, layout_shoals, shoal_ilsuiw,
          nicolae_shoals_circle_sea_wall
Snake:1:  layout_onion_interference, nicolae_snake_shapes
Snake:2:  layout_layer_cave, portal_ice_cave_entry_ugly_swarm, minmay_shop_star,
          uniq_mlioglotl
Snake:3:  layout_basic, serial_bayou_pond_d, nicolae_shop_clearance
Snake:4:  hellmonk_snake_rune_quicksilver_temple, layout_gridlike,
          gammafunk_ghost_berserking_beasts, serial_corexii_hall,
          chequers_hall_statues_wall_a, chequers_hall_statues_corner_a,
          corexii_hall_statues_l, corexii_hall_statues_x,
          nicolae_snake_squiggles
Orc:1:    layout_diamond_mine, basic_altar, serial_shops, shop_fountains,
          nicolae_lakefront_shop, nicolae_shop_advertising_works
          [nicolae_subvault_shop_adworks], nicolae_orc_damp_corner
Orc:2:    st_orc_mages, layout_caves, basic_altar
Elf:1:    minmay_elf_arrival_circle, layout_gridlike, minmay_elf_annihilation,
          hex_large, uniq_zenata, uniq_frances, uniq_nikola
Elf:2:    elven_hall_of_blades_hangedman_original
          [nicolae_blade_entry_crossed_weapons], layout_loops_corners,
          minmay_shop_grove
Elf:3:    elf_hall, layout_geoelf_grid, serial_shops, bzr_entry_lakeside,
          nicolae_shop_temple_entry_statues_fountains, nicolae_lakefront_shop,
          nicolae_shop_crystal
Vaults:1: hangedman_vaults_impose, vaults_room_ringed_pool,
          ontoclasm_vaults_twist, v_misc_8, v_misc_1,
          nicolae_vaults_little_squares_1, nicolae_vaults_rhombus_6,
          layout_vaults_omnigrid, serial_shops, shop
Vaults:2: v_misc_5, vaults_mumra_chevron_long, hangedman_vaults_trim,
          v_alt_pattern_6, nicolae_vaults_mini_display_case, v_misc_26,
          vaults_room_stairs_pillars, vaults_room_pools, hangedman_vaults_hat,
          nicolae_vaults_hallways_thing, ontoclasm_vaults_hangar,
          vaults_dpeg_diagonal, special_room_vaults [special_room_orc],
          layout_vaults_big_cross, uniq_frederick, uniq_mennas
Vaults:3: ebering_ghost_rock_garden, grunt_vaults_diagonal,
          minmay_crypt_entry_simple_walls, nicolae_vaults_little_ls,
          nicolae_vaults_statue_guard, grunt_vaults_swirl, v_misc_11,
          hangedman_vaults_impose, nicolae_vaults_little_squares_3,
          nicolae_vaults_gold_heap, vaults_room_corners, vaults_mumra_hex,
          layout_vaults_big_room, serial_shops, shop_statue
Vaults:4: v_misc_10, hangedman_vaults_nails, v_misc_28, v_misc_24, st_cells,
          serial_ice_m, ontoclasm_vaults_ligature, hangedman_vaults_stream,
          v_alt_pattern_4, dpeg_vaults_monster_box, v_misc_11,
          vaults_mumra_chevron, nicolae_vaults_diagonal_hallway_6,
          nicolae_vaults_asterisk, layout_vaults_maze_bifur, uniq_margery,
          uniq_bai_suzhen
Vaults:5
Crypt:1:  layout_misc_corridors, grunt_crypt_arrival_split, grunt_megastairs_3
Depths:1: layout_roguey, enter_ziggurat_f, tso_metal_star,
          grunt_hell_entry_dis_grunt, abyss_entry, ldierk_geyser,
          chei_slow_surprise, firewood_loft
Depths:2: kennysheep_large_vault, layout_small_grid, hellmouth_2,
          rand_demon_pan_entry_5, abyss_entry, hangedman_abyss_or_decor_slice,
          nicolae_uskayaw_en_pointe
Depths:3: minmay_the_grid_square_5x5_5x5 [minmay_the_grid_square_5x5_bracketed,
          minmay_the_grid_square_5x5_sharp_hourglass,
          minmay_the_grid_square_5x5_corner, minmay_the_grid_square_5x5_slash,
          minmay_the_grid_square_5x5_fat_x,
          minmay_the_grid_square_5x5_intrusive_squares,
          minmay_the_grid_square_5x5_prize_monsterx,
          minmay_the_grid_square_5x5_beaten_path,
          minmay_the_grid_square_5x5_prize_rear_guard,
          minmay_the_grid_square_5x5_hollow_slash,
          minmay_the_grid_square_5x5_detours, minmay_the_grid_square_5x5_v,
          minmay_the_grid_square_5x5_prize_snowflake,
          minmay_the_grid_square_5x5_hourglass, minmay_the_grid_square_5x5_c,
          minmay_the_grid_square_5x5_forky,
          minmay_the_grid_square_5x5_prize_itemx,
          minmay_the_grid_square_5x5_inner_z,
          minmay_the_grid_square_5x5_prize_pseudospiral,
          minmay_the_grid_square_5x5_bite, minmay_the_grid_square_5x5_percent,
          minmay_the_grid_square_5x5_inverted_slash,
          minmay_the_grid_square_5x5_inset, minmay_the_grid_square_5x5_mess,
          minmay_the_grid_square_5x5_six], layout_gridlike, hell_entry,
          pan_entry, nicolae_abyss_entry_one_way_or_another,
          grunt_gozag_breadcrumbs, nicolae_fountain_basement,
          serial_bayou_shore_b, minmay_staircase_bubble
Depths:4: grunt_x_marks_the_spot, layout_gridlike, rand_demon_pan_entry_3,
          grunt_decor_clamped, hangedman_coc_ice_floe,
          grunt_absolute_annihilation
Zot:1:    layout_twisted_circle
Zot:2:    layout_gridville, uniq_tiamat
Zot:3:    lemuel_draconian_sentries, layout_concentric_octagons,
          hangedman_hellfire_club, lemuel_elevator
Zot:4:    layout_twisted_circle
Zot:5:    layout_cellular_growth, st_stairs_2

Skill      XL: |  1  2  3  4  5  6  7  8  9 10 11 12 13 14 15 16 17 18 19 20 21 22 23 24 25 |
---------------+----------------------------------------------------------------------------+-----
Fighting       | 4 5 6 7 8 9 10 11 12 13 14 15 16 17 18 19 | 19.0
Dodging        | 5 6 7 8 9 10 11 12 13 14 15 16 17 18 19 20 21 23 24 | 24.0
Polearms       | 5 6 7 8 9 10 11 12 | 12.4
Armour         | 1 2 3 4 5 6 7 8 9 10 11 12 13 | 13.0
Shields        | 1 2 4 5 7 8 9 10 11 12 13 14 15 16 17 18 | 18.5
Throwing       | 1 3 4 6 7 |  7.5
Stealth        | 5 9 10 12 13 | 13.9
Long Blades    | 8 9 10 11 13 15 16 18 19 20 21 | 21.2
Ice Magic      | 4 6 7 9 10 11 12 13 14 15 16 17 | 17.8
Spellcasting   | 2 4 6 7 8 9 |  9.4
Translocations | 1 2 |  2.8

Action                   |  1- 3 |  4- 6 |  7- 9 | 10-12 | 13-15 | 16-18 | 19-21 | 22-24 | 25-27 || total
-------------------------+-------+-------+-------+-------+-------+-------+-------+-------+-------++-------
Melee: Spear             |    85 |       |       |       |       |       |       |       |       ||    85
       Punch             |     1 |     1 |     1 |       |       |       |       |       |       ||     3
       Trident           |    16 |   157 |   382 |   975 |   196 |       |       |       |       ||  1726
       Scimitar          |       |       |       |       |   908 |  1185 |  1078 |       |       ||  3171
       Tailslap          |       |       |       |       |       |    68 |       |       |       ||    68
       Double sword      |       |       |       |       |       |       |   297 |  1038 |   208 ||  1543
       Demon blade       |       |       |       |       |       |       |       |   371 |       ||   371
       Great sword       |       |       |       |       |       |       |       |    17 |       ||    17
 Fire: Sling             |       |       |       |       |    14 |       |       |       |       ||    14
Throw: Boomerang         |       |     4 |    48 |   123 |   295 |   135 |   146 |    24 |       ||   775
       Dart              |       |       |       |       |     2 |       |       |       |       ||     2
       Stone             |       |       |       |       |       |    24 |       |       |       ||    24
       Javelin           |       |       |       |       |       |    18 |       |    81 |       ||    99
       Throwing net      |       |       |       |       |       |     4 |     1 |     8 |       ||    13
 Cast: Frozen Ramparts   |       |       |       |       |       |    15 |     4 |     2 |       ||    21
       Ozocubu's Armour  |       |       |       |       |       |    14 |     4 |     3 |       ||    21
       Summon Ice Beast  |       |       |       |       |       |       |     9 |       |       ||     9
       Ensorcelled Hiber |       |       |       |       |       |       |     3 |       |       ||     3
       Hailstorm         |       |       |       |       |       |       |     1 |       |       ||     1
       Ozocubu's Refrige |       |       |       |       |       |       |       |    39 |    94 ||   133
       Metabolic Englaci |       |       |       |       |       |       |       |     4 |       ||     4
Invok: Call Merchant     |       |       |       |       |     1 |     3 |       |       |       ||     4
       Potion Petition   |       |       |       |       |       |     6 |     6 |     5 |       ||    17
       Bribe Branch      |       |       |       |       |       |       |       |     1 |     2 ||     3
Evoke: Wand              |       |       |     1 |     1 |     2 |     3 |     7 |     1 |     3 ||    18
  Use: Scroll            |     1 |     8 |     6 |     9 |     7 |    19 |    12 |    19 |    10 ||    91
       Potion            |       |       |       |     3 |     4 |    13 |    13 |     4 |    25 ||    62
 Stab: Sleeping          |     5 |     7 |     4 |    13 |    43 |    60 |    75 |    70 |     8 ||   285
       Distracted        |       |       |     1 |     6 |    20 |    22 |    20 |    36 |     3 ||   108
       Invisible         |       |       |       |       |       |    11 |     7 |       |       ||    18
       Held in net/web   |       |       |       |       |       |       |       |     2 |       ||     2
Armor: Robe              |    13 |       |       |       |       |    41 |    69 |    87 |       ||   210
       Leather armour    |     7 |    39 |    76 |       |       |       |       |     4 |       ||   126
       Steam dragon scal |       |       |     2 |   112 |   118 |    84 |    57 |    86 |    44 ||   503
Dodge: Dodged            |    57 |   126 |   219 |   395 |   591 |   754 |   698 |  1086 |   263 ||  4189
Block: Kite shield       |       |       |   214 |   751 |   999 |  1219 |  1089 |  1047 |   242 ||  5561
       Reflection        |       |       |    12 |     5 |    16 |    90 |    64 |       |       ||   187
